 Dungeon Crawl Stone Soup version 0.17-a0-2148-g9c1f372 (webtiles) character file.

363 hellewite the Slasher (level 6, 0/91 HPs)
             Began as a Troll Chaos Knight on Oct 24, 2015.
             Succumbed to a scorpion's poison
             ... on level 4 of the Dungeon.
             The game lasted 00:22:37 (2531 turns).

hellewite the Slasher (Troll Chaos Knight)          Turns: 2531, Time: 00:22:37

Health: 0/91       AC: 23    Str: 23    XL:     6   Next: 39%
Magic:  5/5        EV:  1    Int:  8    God:    Xom [..*...]
Gold:   165        SH:  0    Dex:  9    Spells: 0 memorised, 5 levels left

rFire  . . .     SeeInvis +     a - +0 falchion (chaos)
rCold  . . .     Clarity  .     (armour currently unavailable)
rNeg   + + +     SustAt   .     (no shield)
rPois  +         Gourm    +     (helmet currently unavailable)
rElec  .         Spirit   .     (cloak currently unavailable)
rCorr  .         Warding  .     (gloves unavailable)
rMut   .         NoTele   +     (boots unavailable)
MR     .....                    (no amulet)
Stlth  +.........               (no ring)
                                i - ring of see invisible

@: lethally poisoned (0 -> 0), tree-form, not resistant to hostile enchantments,
very unstealthy
A: unfitting armour, (claws 0), fast metabolism 3, gourmand, regeneration 2,
(shaggy fur 0), (tough skin 0)
a: Renounce Religion


You were on level 4 of the Dungeon.
You worshipped Xom.
You were a toy of Xom.
You were hungry.
You were a tree.
You visited 1 branch of the dungeon, and saw 4 of its levels.

You collected 165 gold pieces.

Inventory:

Hand Weapons
 a - a +0 falchion of chaos (weapon)
 e - a +0 hand axe
 o - a +0 hunting sling
 p - a +0 rapier
 x - a +0 quarterstaff of protection
 B - a +0 blowgun
 G - a +0 flail
Missiles
 m - 16 arrows
 w - 54 poisoned needles
 E - 31 bolts
Armour
 b - a +2 robe (melded)
 d - a +0 buckler
 s - a +0 scale mail
 v - a +0 buckler
 A - a +0 cloak
 J - a +0 chain mail
Jewellery
 i - a ring of see invisible (left branch)
Wands
 q - a wand of slowing (28)
Scrolls
 g - a scroll of magic mapping
 j - 4 scrolls of remove curse
 k - a scroll of noise
 u - a scroll of teleportation
 y - 2 scrolls of amnesia {unknown}
 I - a scroll of identify
 K - a scroll of enchant armour {unknown}
Potions
 h - a potion of lignification
 l - a potion of brilliance
 n - 2 potions of curing
 r - a potion of magic
 z - a potion of resistance {unknown}
 C - a potion of haste {unknown}
 D - a potion of berserk rage {unknown}
Books
 t - a book of Air

   Spells                             Type                      Level
   a - Shock                          Conjuration/Air              1
   b - Swiftness                      Charms/Air                   2
   c - Repel Missiles                 Charms/Air                   2
   d - Static Discharge               Conjuration/Air              3
   e - Lightning Bolt                 Conjuration/Air              5
Comestibles
 c - 2 bread rations
 f - 3 meat rations
 F - 2 fruits


   Skills:
 + Level 3.6 Fighting
 * Level 4.6 Long Blades
 + Level 3.1 Dodging


You had 5 spell levels left.
You didn't know any spells.

Dungeon Overview and Level Annotations

Branches:
Dungeon (4/15)
 Temple: D:4-7

Altars:
Cheibriados
Gozag
Makhleb
Yredelemnul

Shops:
D:4 (


Innate Abilities, Weirdness & Mutations

You are too large for most types of armour.
((You have claws for hands.))
Your metabolism is lightning-fast.
You like to eat raw meat.
You heal very quickly.
((You are covered in fur (AC +1).))
((You have very tough skin (AC +2).))


Message History

The orc hits you but does no damage. x2
You hit the orc.
The orc is severely wounded.
You feel sick.
You kill the orc!
The orc hits you but does no damage.
You closely miss the scorpion.
You feel sick.
The scorpion stings you but does no damage.
You hit the scorpion but do no damage.
There is a sudden explosion of sparks!
The scorpion is almost dead.
Xom almost notices you.
The air around you crackles with energy!
The scorpion stings you.
* * * LOW HITPOINT WARNING * * *
The orc hits you but does no damage. The scorpion stings you.
* * * LOW HITPOINT WARNING * * *
You hit the scorpion. You burn the scorpion.
You kill the scorpion!
You die...
Xom giggles madly!

##........#
##..........
..........
......... #.....#
.. #....## . ..
##.)...#.... ....#
.### ##.[o........
#...#
....##..♣).......#
#..#
.........###...###
..## ........##
#..# ...#
#.####...####..#
...## #.........#
....## #.........#
..)).####.#
#...#.....#
..))......#
##...##.....
..........#
#.....##....


You could see an orc.

Vanquished Creatures
  A scorpion (D:4)
  A crimson imp (D:3)
  An orc priest (D:4)
  Natasha (D:2)
  A worker ant (D:4)
  3 adders (D:3)
  An ooze (D:3)
  2 worms
  8 orcs
  2 giant cockroaches (D:4)
  11 goblins
  9 hobgoblins
  3 jackals (D:2)
  2 quokkas
  A ball python (D:2)
  7 bats
  4 giant geckos (D:3)
  5 giant newts
  10 kobolds
  7 rats
80 creatures vanquished.

Vanquished Creatures (others)
  A phantom (D:4)
  A hobgoblin (D:2)
2 creatures vanquished.

Grand Total: 82 creatures vanquished

Notes
Turn   | Place    | Note
--------------------------------------------------------------
     0 | D:1      | hellewite the Troll Chaos Knight began the quest for the Orb.
     0 | D:1      | Reached XP level 1. HP: 22/22 MP: 0/0
   124 | D:1      | Reached XP level 2. HP: 29/29 MP: 1/1
   342 | D:1      | XOM is BORED!
   342 | D:1      | XOM: harmless Erth miscast
   569 | D:1      | XOM: silly message
   679 | D:2      | XOM: smoke on damage
   934 | D:2      | XOM: silly message
  1014 | D:2      | Reached skill level 3 in Long Blades
  1021 | D:2      | Reached XP level 3. HP: 26/36 MP: 2/2
  1093 | D:2      | XOM: divination: magic mapping
  1125 | D:2      | Noticed Natasha
  1126 | D:2      | XOM: confuse monster(s)
  1136 | D:2      | Killed Natasha
  1434 | D:3      | Reached XP level 4. HP: 25/44 MP: 3/3
  1537 | D:3      | XOM: enchant monster (bad)
  1575 | D:3      | XOM: potion effect (berserk rage)
  1605 | D:3      | XOM: silly message
  1651 | D:3      | Found a burning altar of Makhleb.
  1703 | D:3      | XOM: potion effect (brilliance)
  1731 | D:3      | Reached XP level 5. HP: 51/53 MP: 4/4
  2064 | D:3      | Reached skill level 4 in Long Blades
  2182 | D:3      | Found a snail-covered altar of Cheibriados.
  2186 | D:3      | Found a basalt altar of Yredelemnul.
  2191 | D:3      | Found an opulent altar of Gozag.
  2258 | D:4      | Noticed a phantom
  2273 | D:4      | XOM: potion effect (might)
  2287 | D:4      | Banished a phantom
  2350 | D:4      | Found Farak's Weapon Emporium.
  2424 | D:4      | Reached XP level 6. HP: 43/61 MP: 5/5
  2523 | D:4      | XOM: harmless Chrm miscast
  2524 | D:4      | XOM: mild Air miscast
  2530 | D:4      | XOM: harmless Trmt miscast
  2530 | D:4      | HP: 3/91 [scorpion (6)]
  2530 | D:4      | HP: 1/91 [scorpion (2)]
  2531 | D:4      | Succumbed to a scorpion's poison

Vault maps used:
D:1:      mrwooster_arrival_arrow
D:2:      uniq_natasha
D:3:      corexii_shack_village, grunt_temple_overflow_diamond,
          makhleb_grotto_becter, first_bread
D:4:      serial_shops, kennysheep_mini_moat

Action                   |  1- 3 |  4- 6 || total
-------------------------+-------+-------++-------
Melee: Falchion          |   122 |   163 ||   285
       Quarterstaff      |       |    18 ||    18
  Use: Scroll            |     8 |     1 ||     9
       Potion            |       |     1 ||     1
 Stab: Paralysed         |     2 |       ||     2
  Eat: Chunk             |     5 |     6 ||    11
       Bread ration      |     1 |     1 ||     2
       Beef jerky        |     1 |       ||     1
